 Dungeon Crawl Stone Soup version 0.25-a0-645-gb4487340cb (webtiles) character file.

Game seed: 8904460473445803500, levelgen mode: deterministic

305 Eurus the Conjurer (level 6, -6/41 HPs)
             Began as a Mummy Conjurer on Mar 21, 2020.
             Mangled by Terence
             ... wielding a +4 mace of protection
              (7 damage)
             ... on level 3 of the Dungeon.
             The game lasted 00:08:17 (4175 turns).

Eurus the Conjurer (Mummy Conjurer)                 Turns: 4175, Time: 00:08:18

Health: -6/41      AC:  2    Str: 12    XL:     6   Next: 16%
Magic:  0/13       EV: 12    Int: 16    God:
Gold:   197        SH:  0    Dex: 12    Spells: 8/15 levels left

rFire    x . .     SeeInvis .   k - +0 halberd (freeze)
rCold    + . .     Gourm    .   (shield currently unavailable)
rNeg     + + +     Faith    .   a - +0 robe
rPois    ∞         Spirit   .   (no helmet)
rElec    .         Reflect  .   (no cloak)
rCorr    .         Harm     .   (no gloves)
MR       .....                  (no boots)
Stlth    ++........             (no amulet)
HPRegen  0.13/turn              h - ring of wizardry
MPRegen  0.13/turn              (no ring)

@: no status effects
A: no food or potions, fire vulnerability, cold resistance 1, negative energy
resistance 3, torment resistance, unbreathing
a: no special abilities


You were on level 3 of the Dungeon.
You were not hungry.

You visited 1 branch of the dungeon, and saw 3 of its levels.

You collected 197 gold pieces.

Inventory:

Hand Weapons
 d - a +0 dagger
 f - a +2 vampiric hand axe
 k - a +0 halberd of freezing (weapon)
 p - a cursed -1 mace
Armour
 a - a +0 robe (worn)
 m - a +0 leather armour
 n - a +1 ring mail of cold resistance
Jewellery
 h - a ring of wizardry (left hand)
 j - an uncursed ring of ice
 o - a +3 ring of intelligence
Scrolls
 b - 3 scrolls of enchant armour {unknown}
 c - a scroll of fear {unknown}
 e - 6 scrolls of identify {unknown}
 g - a scroll of teleportation {unknown}
 i - a scroll of enchant weapon {unknown}
 l - a scroll of immolation {unknown}


   Skills:
 - Level 1.5 Dodging
 - Level 1.5 Stealth
 + Level 5.0 Spellcasting
 * Level 5.4 Conjurations


You had 8 spell levels left.
You knew the following spells:

 Your Spells              Type           Power        Failure   Level  Hunger
a - Magic Dart            Conj           ###.         1%          1    N/A
b - Searing Ray           Conj           ###...       1%          2    N/A
c - Iskenderun's Mystic   Conj/Tloc      ##......     21%         4    N/A

Your spell library contained the following spells:

 Spells                   Type           Power        Failure   Level  Hunger
 Dazzling Flash           Conj/Hex       ##....       6%          3    N/A
 Fulminant Prism          Conj/Hex       ##........   21%         4    N/A

Dungeon Overview and Level Annotations

Branches:
Dungeon (3/15)

Altars:
Dithmenos
Elyvilon
Sif Muna
Yredelemnul
Zin

Annotations:
D:3 Terence


Innate Abilities, Weirdness & Mutations

You do not eat or drink.
Your flesh is vulnerable to fire.
You are immune to poison.
Your flesh is cold resistant. (rC+)
You are immune to negative energy. (rN+++)
You are immune to unholy pain and torment.
You can survive without breathing.


Message History

Terence closely misses you.
The searing ray hits Terence but does no damage.
Terence is severely wounded.
The searing ray hits Terence but does no damage.
Terence is severely wounded.
Terence hits you with a +4 mace of protection!
* * * LOW HITPOINT WARNING * * *
The searing ray hits Terence but does no damage.
Terence is severely wounded.
You finish channeling your searing ray.
Terence hits you with a +4 mace of protection.
* * * LOW HITPOINT WARNING * * *
You barely miss Terence.
Terence is severely wounded.
Terence hits you with a +4 mace of protection.
* * * LOW HITPOINT WARNING * * *
You barely miss Terence.
Terence is severely wounded.
Terence hits you with a +4 mace of protection!
You die...

........# #.#
#.###...# #.# #.#
#...# #.# #.###...#
#.# #.......# #.#
#)####..# #.# #.#
#..# #.# #)# #..#
#@# ..#
#..########@# #.#
#...........# ..#
#.########### .##
#.# ## #.# # #.# #.#
#.#############
######.##..........#


You could see Terence.

Vanquished Creatures
  2 orc priests (D:3)
  An orc wizard (D:3)
  7 gnolls (D:2)
  4 adders
  2 worms
  2 dart slugs (D:2)
  2 leopard geckos
  10 orcs (D:3)
  4 bats
  11 giant cockroaches
  14 goblins
  9 hobgoblins
  7 jackals
  3 quokkas
  A ball python (D:2)
  A frilled lizard (D:3)
  6 kobolds
  7 rats
93 creatures vanquished.

Vanquished Creatures (others)
  A goblin (D:2)
1 creature vanquished.

Grand Total: 94 creatures vanquished

Notes
Turn   | Place    | Note
-------+----------+-------------------------------------------
     0 | D:1      | Eurus the Mummy Conjurer began the quest for the Orb.
     0 | D:1      | Reached XP level 1. HP: 13/13 MP: 4/4
   482 | D:1      | Reached XP level 2. HP: 12/19 MP: 4/6
   500 | D:1      | Learned a level 2 spell: Searing Ray
  1133 | D:1      | Reached XP level 3. HP: 22/24 MP: 0/7
  2015 | D:2      | Reached XP level 4. HP: 30/30 MP: 2/9
  2431 | D:2      | Learned a level 4 spell: Iskenderun's Mystic Blast
  2548 | D:2      | Found a white marble altar of Elyvilon.
  2678 | D:2      | Reached XP level 5. HP: 23/35 MP: 3/11
  2756 | D:2      | Found a shimmering blue altar of Sif Muna.
  2756 | D:2      | Found a glowing silver altar of Zin.
  2868 | D:2      | Found a shadowy altar of Dithmenos.
  2870 | D:2      | Found a basalt altar of Yredelemnul.
  2871 | D:2      | Found a faded altar of an unknown god.
  3096 | D:3      | Reached skill level 5 in Conjurations
  3627 | D:3      | Reached XP level 6. HP: 40/41 MP: 10/13
  3980 | D:3      | Reached skill level 5 in Spellcasting
  4083 | D:3      | Noticed Terence
  4173 | D:3      | HP: 1/41 [Terence/+4 mace of protection (3)]
  4175 | D:3      | Mangled by Terence

Levels and vault maps discovered:
D:1:      saegor_arrival_miasma, layout_loops_corners
D:2:      layout_loops_corners, chequers_temple_overflow_minitemple,
          elyvilon_altar_4
D:3:      minmay_roachtagon, layout_basic, uniq_terence

Skill      XL: |  1  2  3  4  5  6 |
---------------+-------------------+-----
Spellcasting   | 3 4 5 |  5.0
Conjurations   | 4 5 |  5.4
Dodging        | |  1.5
Stealth        | |  1.5

Action                   |  1- 3 |  4- 6 || total
-------------------------+-------+-------++-------
Melee: Unarmed           |    11 |       ||    11
       Club              |     5 |       ||     5
       Dagger            |    19 |       ||    19
       Halberd           |       |    74 ||    74
 Cast: Magic Dart        |    65 |    33 ||    98
       Searing Ray       |     3 |    19 ||    22
 Stab: Sleeping          |       |     2 ||     2
       Distracted        |       |     1 ||     1
Armor: Robe              |     8 |    12 ||    20
Dodge: Dodged            |    31 |    74 ||   105

Table legend:
 A = Non-vault XP
 B = Vault XP
 C = Vault XP percentage of total XP
 D = Non-vault monster count
 E = Vault monster count
 F = Vault count percentage of total count
                 A         B        C        D         E       F
            +---------+---------+-------+---------+---------+-------
      Total |     417 |      20 |   4.6 |      83 |      10 |  10.8
            +---------+---------+-------+---------+---------+-------
        D:1 |      45 |       0 |   0.0 |      28 |       0 |   0.0
        D:2 |     172 |       0 |   0.0 |      29 |       0 |   0.0
        D:3 |     200 |      20 |   9.1 |      26 |      10 |  27.8
            +---------+---------+-------+---------+---------+-------
